 Dungeon Crawl Stone Soup version 0.15-a0-2246-gfd41422 (webtiles) character file.

776 PolkaDot the Jinx (level 7, 0/46 HPs)
             Began as a Vampire Enchanter on July 26, 2014.
             Was an Initiate of Ashenzari.
             Slain by a big kobold zombie (3 damage)
             ... in an ossuary.
             The game lasted 00:17:39 (3877 turns).

PolkaDot the Jinx (Vampire Enchanter)               Turns: 3877, Time: 00:17:40

HP   0/46        AC  5     Str  7      XL: 7   Next: 54%
MP   3/12        EV 12     Int 19      God: Ashenzari [......]
Gold 173         SH  0     Dex 14      Spells:  3 memorised,  4 levels left

rFire  . . .     SeeInvis +     a - +1 dagger
rCold  + + .     Clarity  .     b - +1 robe
rNeg   + + +     rCorr    .     (no shield)
rPois  +         rRot     +     (no helmet)
rElec  .         Spirit   .     i - +0 cloak
SustAb .         Warding  .     m - +0 pair of gloves
rMut   .         Stasis   .     (no boots)
Gourm  .                        (no amulet)
MR     .....                    (no ring)
                                (no ring)

@: bloodless, non-regenerating, not resistant to hostile enchantments, quite
stealthy
A: bottle blood, fangs 3, see invisible, unbreathing
a: Bat Form, Bottle Blood, Renounce Religion


You were in an ossuary.
You worshipped Ashenzari.
Ashenzari was noncommittal.
You were bloodless.

You visited 1 branch of the dungeon, and saw 4 of its levels.
You also visited: Ossuary.

You collected 173 gold pieces.

Inventory:

Hand weapons
 a - a +1 dagger (weapon)
Armour
 b - a +1 robe (worn)
 i - a +0 cloak (worn)
 m - a +0 pair of gloves (worn)
Scrolls
 f - 2 scrolls of remove curse
Potions
 d - a potion of might
 g - a potion of curing
 h - a potion of poison {unknown}
 n - a potion of cure mutation {!q}
Books
 c - a book of Maledictions

   Spells                             Type                      Level
   *Corona                            Hexes                        1
   Sure Blade                         Hexes/Charms                 2
   *Ensorcelled Hibernation           Hexes/Ice                    2
   *Confuse                           Hexes                        3
   Dazzling Spray                     Conjuration/Hexes            3
   Enslavement                        Hexes                        4
 p - a Necronomicon {highlevel, unknown}

   This book is beyond your current level of understanding.

   Spells                             Type                      Level
   Haunt                              Necromancy/Summoning         7
   Borgnjor's Revivification          Necromancy                   8
   Death's Door                       Charms/Necromancy            8
   Necromutation                      Transmutation/Necromancy     8


   Skills:
 - Level 3.0 Short Blades
 - Level 2.1 Dodging
 + Level 7.9 Stealth
 - Level 2.0 Spellcasting
 * Level 10.3 Hexes
 - Level 1.3 Ice Magic


You had 4 spell levels left.
You knew the following spells:

 Your Spells              Type           Power        Failure   Level  Hunger
a - Corona                Hex            #####..      1%          1    #......
c - Confuse               Hex            #####...     1%          3    ####...
d - Ensorcelled Hibernat  Hex/Ice        ###...       2%          2    ##.....


Dungeon Overview and Level Annotations

Branches:
Dungeon (4/15)
 Temple: D:4-7

Altars:
Ashenzari
Dithmenos
Trog


Innate Abilities, Weirdness & Mutations

You do not heal naturally.
You can bottle blood from corpses.
You have razor-sharp teeth.
You have supernaturally acute eyesight.
You can survive without breathing.


Message History

[Y]es or [N]o only, please.
Really walk into that arrow trap?
You avoid triggering an arrow trap.
An arrow hits the big kobold zombie!
There is an arrow trap here.
An arrow hits the big kobold zombie! x2
You hit the big kobold zombie. The big kobold zombie hits you.
* * * LOW HITPOINT WARNING * * *
Casting: Confuse
Confirm with . or Enter, or press ? or * to list all spells.
Aiming: Confuse
Press: ? - help, Shift-Dir - straight line, f/p - adder zombie
Aim: an adder zombie (bewildered and confused)
The big kobold zombie barely resists.
* * * LOW MAGIC WARNING * * *
An arrow hits the big kobold zombie!
The big kobold zombie misses you.
The adder zombie bites the adder zombie.
There is an open door here.
There is an empty arch of ancient stone here.
The big kobold zombie hits you.
You die...

##+## #...#
#ZZ.# #...#
#...# #'###
#^^.# ###
#####^^^#
#?!!?#..@#...#
+!%(!#.∩ZZ..^#
#!!!?#...#..∩#
#### #########


You could see 2 big kobold zombies.

Vanquished Creatures
  Grinder (D:3)
  The ghost of ThermosAquaticus the Caller, an average MfSu (D:4)
  A crimson imp (D:3)
  2 orc priests (D:3)
  3 orc wizards (D:3)
  A mummy (D:4)
  A shadow imp (D:3)
  8 adders
  A worm (D:3)
  2 adder zombies (Ossuary)
  A giant gecko (D:3)
  An ooze (D:1)
  13 orcs (D:3)
  7 bats
  3 giant cockroaches
  9 goblins
  6 hobgoblins
  13 jackals
  A quokka (D:3)
  3 giant newts
  A hobgoblin zombie (Ossuary)
  5 kobolds
  A kobold zombie (Ossuary)
  2 orc zombies
  4 rats
91 creatures vanquished.

Notes
Turn   | Place    | Note
--------------------------------------------------------------
     0 | D:1      | PolkaDot, the Vampire Enchanter, began the quest for the Orb.
     0 | D:1      | Reached XP level 1. HP: 13/13 MP: 3/3
   396 | D:1      | Reached XP level 2. HP: 19/19 MP: 2/4
   743 | D:1      | Learned a level 2 spell: Ensorcelled Hibernation
  1123 | D:2      | Reached XP level 3. HP: 22/24 MP: 0/6
  1325 | D:2      | Reached skill level 1 in Ice Magic
  1699 | D:2      | Reached skill level 5 in Hexes
  1749 | D:2      | Found a shadowy altar of Dithmenos.
  2016 | D:3      | Reached XP level 4. HP: 30/30 MP: 4/7
  2071 | D:3      | Learned a level 3 spell: Confuse
  2153 | D:3      | Found a shattered altar of Ashenzari.
  2167 | D:3      | Became a worshipper of Ashenzari the Shackled
  2301 | D:3      | Found a bloodstained altar of Trog.
  2349 | D:3      | HP: 1/30 [orc priest/nerve-wracking pain (7)]
  2418 | D:3      | Reached skill level 6 in Hexes
  2488 | D:3      | Reached skill level 5 in Stealth
  2597 | D:3      | Reached XP level 5. HP: 22/35 MP: 1/9
  2860 | D:3      | Reached skill level 7 in Hexes
  2993 | D:3      | Noticed Grinder
  3005 | D:3      | Killed Grinder
  3005 | D:3      | Reached skill level 8 in Hexes
  3005 | D:3      | Reached XP level 6. HP: 33/41 MP: 6/10
  3277 | D:3      | Reached skill level 9 in Hexes
  3437 | D:3      | Reached XP level 7. HP: 46/46 MP: 9/12
  3746 | D:4      | Noticed ThermosAquaticus' ghost (average MfSu)
  3758 | D:4      | Killed ThermosAquaticus' ghost
  3758 | D:4      | Reached skill level 10 in Hexes
  3771 | D:4      | Found a sand-covered staircase.
  3778 | Ossuary  | Entered an ossuary
  3877 | Ossuary  | Slain by a big kobold zombie

Action                   |  1- 3 |  4- 6 |  7- 9 || total
-------------------------+-------+-------+-------++-------
Melee: Dagger            |   129 |    90 |    64 ||   283
 Cast: Corona            |    10 |       |       ||    10
       Ensorcelled Hiber |    15 |    37 |     6 ||    58
       Confuse           |       |     1 |     7 ||     8
Evoke: Wand              |       |     1 |       ||     1
  Use: Scroll            |       |    10 |     1 ||    11
       Potion            |       |     3 |     1 ||     4
 Stab: Sleeping          |    17 |    24 |     9 ||    50
       Confused          |       |     3 |     3 ||     6
